 Dungeon Crawl Stone Soup version 0.16.1-18-g436b03c (webtiles) character file.

458 Archous the Covert (level 6, -1/30 HPs)
             Began as a Spriggan Assassin on Apr 27, 2015.
             Killed from afar by an orc wizard (9 damage)
             ... with a puff of flame
             ... on level 4 of the Dungeon.
             The game lasted 00:14:42 (3700 turns).

Archous the Covert (Spriggan Assassin)              Turns: 3700, Time: 00:14:43

Health: -1/30      AC:  4    Str:  7    XL:     6   Next: 77%
Magic:  12/12      EV: 21    Int: 16    God:
Gold:   118        SH:  0    Dex: 22    Spells: 0 memorised, 5 levels left

rFire  . . .     SeeInvis +     b - +0 blowgun
rCold  . . .     Clarity  .     c - +0 robe
rNeg   . . .     SustAb   .     (shield restricted)
rPois  .         Gourm    .     (helmet restricted)
rElec  .         Spirit   .     d - +1 cloak
rCorr  .         Warding  .     (gloves unavailable)
rMut   .         Stasis   .     (boots unavailable)
MR     +....                    (no amulet)
Stlth  +++++.....               k - +3 ring of dexterity
                                q - +3 ring of intelligence

@: very quick, somewhat resistant to hostile enchantments, quite stealthy
A: unfitting armour, see invisible, herbivore 3, speed 3, slow metabolism 2
a: no special abilities


You were on level 4 of the Dungeon.
You were hungry.

You visited 1 branch of the dungeon, and saw 4 of its levels.

You collected 118 gold pieces.

Inventory:

Hand weapons
 a - a +1 dagger of venom
 b - a +0 blowgun (weapon)
 B - a +0 spear of piercing
 C - a +2 dagger
Missiles
 f - 2 curare-tipped needles
 t - 16 arrows of dispersal
 y - 48 arrows
 A - 4 poisoned needles (quivered)
Armour
 c - a +0 robe (worn)
 d - a +1 cloak (worn)
Jewellery
 k - a +3 ring of dexterity (right hand)
 q - a +3 ring of intelligence (left hand)
 w - an uncursed amulet of clarity {unknown}
Magical devices
 e - a wand of random effects (26)
 m - a wand of slowing (27)
Scrolls
 h - 3 scrolls of enchant armour
 i - 5 scrolls of recharging
 l - 3 scrolls of identify
 p - a scroll of fog {unknown}
 s - 3 scrolls of teleportation
 x - a scroll of remove curse
 D - a scroll of amnesia {unknown}
Potions
 j - 2 potions of restore abilities {unknown}
 o - a potion of cure mutation {unknown}
 r - a potion of mutation {unknown}
 u - a potion of cancellation {unknown}
 v - a potion of brilliance {unknown}
 z - 2 potions of poison {unknown}
 E - a potion of lignification {unknown}
Comestibles
 g - 2 bread rations
 n - 2 slices of pizza


   Skills:
 + Level 2.0 Fighting
 + Level 3.7 Short Blades
 + Level 4.4 Throwing
 + Level 4.6 Dodging
 + Level 8.8 Stealth


You had 5 spell levels left.
You didn't know any spells.

Dungeon Overview and Level Annotations

Branches:
Dungeon (4/15)
 Temple: D:4-7

Altars:
Nemelex Xobeh
Vehumet
Zin

Shops:
D:2 *


Innate Abilities, Weirdness & Mutations

You are tiny and cannot use many weapons and most armour.
You have supernaturally acute eyesight.
You are a herbivore.
You cover ground extremely quickly.
You need consume almost no food.


Message History

You shoot a poisoned needle.
The poisoned needle barely misses the orc wizard.
Firing (i - inventory. (,) - cycle):
A - 6 poisoned needles (quivered)
Press: ? - help, Shift-Dir - straight line, f/p - orc wizard
Aim: an orc wizard, wielding a dagger and wearing a robe (fast)
You shoot a poisoned needle.
The poisoned needle hits the orc wizard!
The orc wizard is poisoned.
Firing (i - inventory. (,) - cycle):
A - 5 poisoned needles (quivered)
Press: ? - help, Shift-Dir - straight line, f/p - orc wizard
Aim: an orc wizard, wielding a dagger and wearing a robe (moderately wounded, fast, poisoned)
You shoot a poisoned needle.
The poisoned needle completely misses the orc wizard.
You see here a pair of glowing boots.
The orc wizard points at you and mumbles some strange words.
The magic dart hits you!
* * * LOW HITPOINT WARNING * * *
The orc wizard points at you and mumbles some strange words.
The puff of flame hits you!
You die...

.##.#.#)# #.###.###.# ##.#
.##.....#########...#.##..#####..
.##(.).o.........##.#.........#.#
.####o##########.##.####.####.#.#
......# #[##.# #.# #....
#.##..######## #o##.# #.# ###..
>.##..[....... #.##.# #.# #.#
.###.o#######. #.##.# #.# #.# .#
#..# #@##.# #.######.# .###..#
#.##.# #.##.....# oo.o..#
#.##.####.##^##### ####..#
#.##..........# #o.#
#..[..........# ...#
#####.....#...# # #$..
#.######.## ...## #.# .# .... #.#
.#


You could see an orc wizard.

Vanquished Creatures
  An ogre (D:4)
  An orc priest (D:3)
  An iguana (D:4)
  An orc wizard (D:3)
  Ijyb (D:3)
  Terence (D:3)
  A hound skeleton (D:4)
  4 adders
  10 gnolls
  4 worms
  2 oozes
  15 orcs
  4 giant cockroaches (D:1)
  8 hobgoblins
  13 kobolds
  4 quokkas
  3 bats
  6 giant geckos
  7 giant newts
  8 goblins
  6 rats
101 creatures vanquished.

Notes
Turn   | Place    | Note
--------------------------------------------------------------
     0 | D:1      | Archous, the Spriggan Assassin, began the quest for the Orb.
     0 | D:1      | Reached XP level 1. HP: 10/10 MP: 2/2
    27 | D:1      | Reached skill level 6 in Stealth
    93 | D:1      | Reached XP level 2. HP: 14/14 MP: 4/4
   721 | D:2      | Reached XP level 3. HP: 18/18 MP: 6/6
   976 | D:2      | Reached skill level 7 in Stealth
  1364 | D:2      | Reached XP level 4. HP: 17/23 MP: 8/8
  1425 | D:2      | Found Zin's Purification Station.
  1427 | D:2      | Found a glowing silver altar of Zin.
  1600 | D:2      | Found a radiant altar of Vehumet.
  1601 | D:2      | Found a sparkling altar of Nemelex Xobeh.
  2233 | D:3      | Reached XP level 5. HP: 26/26 MP: 10/10
  2487 | D:3      | Noticed Terence
  2516 | D:3      | Killed Terence
  2644 | D:3      | Noticed Ijyb
  2675 | D:3      | Killed Ijyb
  3220 | D:3      | Reached skill level 8 in Stealth
  3220 | D:3      | Reached XP level 6. HP: 30/30 MP: 12/12
  3700 | D:4      | Killed from afar by an orc wizard

Action                   |  1- 3 |  4- 6 || total
-------------------------+-------+-------++-------
Melee: Dagger            |   128 |   138 ||   266
 Fire: Blowgun           |    16 |    59 ||    75
  Use: Scroll            |     7 |     2 ||     9
 Stab: Sleeping          |    10 |    13 ||    23
       Distracted        |     1 |     1 ||     2
